 Dungeon Crawl Stone Soup version 0.29-a0-887-gcbe080d7e0 (webtiles) character file.

Game seed: 18214166371897254658

259 iguanaiguana the Chopper (level 5, -1/47 HPs)
             Began as a Minotaur Fighter on July 22, 2022.
             Killed by divine providence
             ... invoked by an orc priest
              (16 damage)
             ... on level 5 of the Dungeon.
             The game lasted 00:02:46 (3824 turns).

iguanaiguana the Chopper (Minotaur Fighter)         Turns: 3824, Time: 00:02:47

Health: -1/47      AC: 10    Str: 23    XL:     5   Next: 94%
Magic:  4/4        EV: 10    Int:  5    God:
Gold:   356        SH:  9    Dex:  9    Spells: 4/4 levels left

rFire   . . .      SeeInvis .   a - +0 war axe
rCold   . . .      Faith    .   c - +0 buckler
rNeg    . . .      Spirit   .   b - +0 scale mail
rPois   .          Reflect  +   (helmet restricted)
rElec   .          Harm     .   q - +0 cloak
rCorr   .          Rampage  .   f - +1 pair of gloves
Will    +....                   (no boots)
Stlth   ..........              y - amulet of reflection
HPRegen 0.15/turn               D - ring of willpower
MPRegen 0.09/turn               (no ring)

@: no status effects
A: horns 2, retaliatory headbutt
a: no special abilities


You were on level 5 of the Dungeon.
You visited 1 branch of the dungeon, and saw 5 of its levels.
You also visited: Ossuary.

You collected 356 gold pieces.

Inventory:

Hand Weapons
 a - a +0 war axe (weapon)
Missiles
 o - 2 throwing nets (quivered)
 u - 5 poisoned darts
 v - 4 curare-tipped darts
Armour
 b - a +0 scale mail (worn)
 c - a +0 buckler (worn)
 f - a +1 pair of gloves (worn)
 q - a +0 cloak (worn)
Jewellery
 y - an amulet of reflection (around neck)
 D - a ring of willpower (left hand)
Scrolls
 g - a scroll of silence
 h - a scroll of identify {@r1}
 i - 2 scrolls of vulnerability {unknown}
 k - 2 scrolls of enchant weapon {unknown}
 m - 2 scrolls of enchant armour {unknown}
 p - a scroll of noise {unknown}
 r - a scroll of amnesia {unknown}
 s - 3 scrolls of acquirement {unknown}
 x - 2 scrolls of poison {unknown}
Potions
 d - 2 potions of might {@q3}
 e - a potion of flight {unknown}
 j - 2 potions of brilliance
 l - a potion of lignification {unknown}
 n - 3 potions of curing {@q1}
 t - a potion of experience {unknown}
 w - a potion of cancellation
 z - 3 potions of mutation
 A - 2 potions of degeneration {unknown}
 B - a potion of heal wounds {@q2}
 C - a potion of attraction {unknown}
 E - a potion of invisibility {unknown}


   Skills:
 + Level 4.6 Fighting
 * Level 4.7 Axes
 + Level 4.6 Armour
 + Level 2.4 Dodging
 + Level 4.6 Shields


You had 4 spell levels left.
You didn't know any spells.
Your spell library was empty.

Dungeon Overview and Level Annotations

Branches:
Dungeon (5/15)            Ossuary (visited)
 Temple: D:4-7

Altars:
Makhleb
Uskayaw
Wu Jian

Shops:
D:1 [


Innate Abilities, Weirdness & Mutations

You have a pair of horns on your head.
You reflexively headbutt those who attack you in melee.


Message History

No target in view!
Found a mace.
No target in view!
No target in view!
No target in view!
Found a stone staircase leading up.
h - a scroll of identify {@r1} No target in view!
No target in view!
No target in view!
E - a black potion No target in view!
No target in view!
No target in view!
You now have 356 gold pieces (gained 10). 2 orcs and an iguana come into view.
The orc shouts!
The iguana hisses angrily.
An orc priest and an orc come into view.
The orc priest shouts!
The orc priest invokes the aid of Beogh against you.
Beogh smites you!
An orc priest comes into view. It is wielding a +0 morningstar.
The orc priest shouts!
The orc hits you with a +0 falchion. You block the orc's attack.
There are monsters nearby!
There are monsters nearby!
You barely miss the iguana. Your headbutt misses the iguana. You slash the orc!
You kill the orc!
You closely miss the orc. The iguana closely misses you.
The orc closely misses you. You furiously retaliate!
You headbutt the orc!
You kill the orc!
The orc priest looks satisfied for a moment.
You completely miss the iguana. You closely miss the orc.
You block the iguana's attack. The orc hits you but does no damage.
The orc priest looks satisfied for a moment.
You closely miss the orc priest. You hit the iguana but do no damage.
You hit the orc but do no damage. You block the orc priest's attack.
You block the iguana's attack. The orc hits you with a +0 short sword.
The orc hits you but does no damage.
The orc priest hits you but does no damage.
The iguana bites you.
You are too injured to fight recklessly!
You are too injured to fight recklessly!
You are too injured to fight recklessly!
You are too injured to fight recklessly!
You are too injured to fight recklessly!
You are too injured to fight recklessly!
You are too injured to fight recklessly!
You are too injured to fight recklessly!
You are too injured to fight recklessly!
You are too injured to fight recklessly!
You are too injured to fight recklessly!
You are too injured to fight recklessly!
You hit the orc. You headbutt the orc.
The orc is almost dead.
You hit the iguana but do no damage. You hit the orc priest.
You block the iguana's attack. The orc priest closely misses you.
You furiously retaliate!
You headbutt the orc priest! You block the orc's attack.
You hit the orc.
You kill the orc!
You slash the iguana!
You hit the orc priest but do no damage.
The orc priest hits you with a +0 club. You block the iguana's attack.
You closely miss the orc priest. Your headbutt misses the orc priest.
You closely miss the iguana. You slash the orc priest!
You kill the orc priest!
The orc priest mumbles some strange prayers to Beogh against you.
Pain shoots through your body! The iguana barely misses you.
The orc priest barely misses you. You block the iguana's attack.
You barely miss the orc priest. You slash the iguana!
You kill the iguana!
You block the orc priest's attack.
You closely miss the orc priest. Your headbutt misses the orc priest.
The orc priest closely misses you.
You closely miss the orc priest.
The orc priest calls down the wrath of Beogh upon you.
You resist with some effort.
You closely miss the orc priest. Your headbutt misses the orc priest.
The orc priest hits you with a +0 morningstar.
You block the orc priest's attack.
You hit the orc priest.
The orc priest is lightly wounded.
You block the orc priest's attack.
You closely miss the orc priest. Your headbutt misses the orc priest.
The orc priest is lightly wounded.
The orc priest barely misses you.
You hit the orc priest.
The orc priest is lightly wounded.
You block the orc priest's attack.
You barely miss the orc priest. Your headbutt misses the orc priest.
The orc priest is lightly wounded.
You block the orc priest's attack.
The orc priest calls down the wrath of Beogh upon you.
Pain shoots through your body!
You slash the orc priest!
The orc priest is almost dead.
The orc priest calls down the wrath of Beogh upon you.
Beogh smites you!
You die...

.. .# ..#
############# ...#
#......##...##...##
#..................
##.................
#..........@o<.....
#...........)......
#................##
##...............#
#.<........)......
#.....####.##...##
##>....# ### ####
#......# #......#


You could see an orc priest.

Vanquished Creatures
  An orc priest (D:5)
  An iguana (D:5)
  8 mummies (Ossuary)
  An adder (D:3)
  4 worms
  6 dart slugs
  5 orcs
  3 ball pythons
  4 endoplasms
  2 giant cockroaches
  3 goblins
  7 hobgoblins
  4 jackals (D:4)
  2 quokkas (D:1)
  3 bats (D:3)
  2 frilled lizards (D:2)
  A gnoll zombie (Ossuary)
  4 hobgoblin zombies (Ossuary)
  5 kobolds
  3 kobold zombies (Ossuary)
  6 rats
75 creatures vanquished.

Notes
Turn   | Place    | Note
-------+----------+-------------------------------------------
     0 | D:1      | iguanaiguana the Minotaur Fighter began the quest for the
                  | Orb.
     0 | D:1      | Reached XP level 1. HP: 19/19 MP: 0/0
    88 | D:1      | Found Paangae's Antique Armour Shoppe.
   100 | D:1      | Reached XP level 2. HP: 27/27 MP: 1/1
   424 | D:1      | Found a faded altar of an unknown god.
   877 | D:2      | Reached skill level 1 in Dodging
   940 | D:2      | Reached XP level 3. HP: 33/33 MP: 2/2
  1551 | D:3      | Found a burning altar of Makhleb.
  2126 | D:3      | Reached XP level 4. HP: 40/40 MP: 3/3
  2184 | D:3      | Found a hide-covered altar of Uskayaw.
  2908 | D:4      | Found a sand-covered staircase.
  2942 | Ossuary  | Entered an ossuary
  2974 | Ossuary  | Reached XP level 5. HP: 23/47 MP: 4/4
  3301 | D:4      | Found an ornate altar of the Wu Jian Council.
  3780 | D:5      | Entered Level 5 of the Dungeon
  3824 | D:5      | Killed from afar by an orc priest

Illustrated notes

Levels and vault maps discovered:
D:1:      dpeg_arrival_erosion, layout_rooms, serial_shops, shop, serial_rivers,
          chequers_serial_rivers_large_a, chequers_serial_rivers_micro_a,
          chequers_serial_rivers_marsh, chequers_serial_rivers_small_a,
          chequers_serial_rivers_micro_e, shapermc_ecumenical_altar_totnotflames
D:2:      layout_basic
D:3:      minmay_door_path, layout_basic, nicolae_uskayaw_dance_hall,
          mainiacjoe_overflow_boulevard
D:4:      layout_loops_corners, mainiacjoe_overflow_alcove_4, enter_ossuary_3
D:5:      layout_gridville, eino_curves_03, minmay_ogre_servants

Skill      XL: |  1  2  3  4 |
---------------+-------------+-----
Axes           | 3 4 |  4.7
Dodging        | 1 2 |  2.4
Armour         | 4 |  4.6
Fighting       | 4 |  4.6
Shields        | 4 |  4.6

Action                   |  1- 3 |  4- 6 || total
-------------------------+-------+-------++-------
Melee: War axe           |    89 |    68 ||   157
       Headbutt          |    17 |    13 ||    30
  Use: Potion            |     2 |     2 ||     4
       Scroll            |       |     5 ||     5
Armor: Scale mail        |    38 |    25 ||    63
Dodge: Dodged            |    37 |    44 ||    81
Block: Buckler           |    18 |    26 ||    44

Table legend: (Time is in decaauts)
 A = Elapsed time spent in this place.
 B = Non-inter-level travel time spent in this place.
 C = Inter-level travel time spent in this place.
 D = Time resting spent in this place.
 E = Time spent auto-exploring this place.
 F = Levels seen in this place.
 G = Mean time per level.
                   A        B        C        D        E       F      G
               +--------+--------+--------+--------+--------+-----+--------+
         Total |   3901 |   3839 |     62 |      8 |   3298 |   6 |  650.2 |
       Dungeon |   3560 |   3498 |     62 |      0 |   3051 |   5 |  712.0 |
       Ossuary |    341 |    341 |      0 |      8 |    247 |   1 |  341.0 |
               +--------+--------+--------+--------+--------+-----+--------+

Top non-repeatable levels by time:
     D:3: 972 daAuts
     D:4: 967 daAuts
     D:2: 964 daAuts
     D:1: 608 daAuts
 Ossuary: 341 daAuts
     D:5: 47 daAuts
